 Dungeon Crawl Stone Soup version 0.27-a0-170-g607d9e9d85 (webtiles) character file.

Game seed: 11566537268498355812

5719 wullow the Shield-Bearer (level 10, 0/75 HPs)
             Began as a Demonspawn Venom Mage on Jan 28, 2021.
             Was a Believer of Sif Muna.
             Slain by an orc priest
             ... wielding a +0 flail
              (8 damage)
             ... on level 9 of the Dungeon.
             The game lasted 00:52:14 (13713 turns).

wullow the Shield-Bearer (Demonspawn Venom Mage)   Turns: 13713, Time: 00:52:15

Health: 0/75       AC:  6    Str: 10    XL:     10   Next: 48%
Magic:  0/19       EV: 12    Int: 18    God:    Sif Muna [**....]
Gold:   419        SH:  6    Dex: 14    Spells: 12/21 levels left

rFire    + . .     SeeInvis +   R - +0 dagger (speed)
rCold    + . .     Faith    .   E - +0 buckler
rNeg     . . .     Spirit   .   a - +0 robe
rPois    .         Reflect  .   (no helmet)
rElec    .         Harm     .   w - +1 cloak
rCorr    .         Rampage  .   (no gloves)
Will     .....                  (boots unavailable)
Stlth    +++.......             (no amulet)
HPRegen  0.22/turn              K - ring of the Voivode {rF+ rC+ SInv}
MPRegen  0.16/turn              r - ring of wizardry

@: studying Shields
A: talons 3, icy blue scales 1, demonic guardian 3
a: Renounce Religion, Channel Magic


You were on level 9 of the Dungeon.
You worshipped Sif Muna.
Sif Muna was pleased with you.
You visited 2 branches of the dungeon, and saw 10 of its levels.

You collected 419 gold pieces.

Inventory:

Hand Weapons
 t - a +0 vorpal hunting sling
 F - the +5 scythe "Finisher" {speed, eviscerate}
   (You found it on level 8 of the Dungeon)

   Attacks with this weapon are significantly faster.
 N - the +6 scimitar of Ycojom {venom, rC++ Str-5}
   (You found it on level 5 of the Dungeon)

   It poisons the flesh of those it strikes.
   It affects your strength (-5).
   It greatly protects you from cold.
 R - a +0 dagger of speed (weapon)
Missiles
 c - 350 stones
 n - 226 arrows
 u - 113 sling bullets
 y - 7 atropa-tipped darts
Armour
 a - a +0 robe (worn)
 w - a +1 cloak (worn)
 E - a +0 buckler (worn)
Jewellery
 d - an uncursed ring of stealth
 i - an uncursed amulet of faith
 m - an uncursed ring of flight {unknown}
 r - a ring of wizardry (right hand)
 K - the ring of the Voivode (left hand) {rF+ rC+ SInv}
   (You found it on level 5 of the Dungeon)

   [ring of protection from cold]

   It protects you from fire.
   It protects you from cold.
   It lets you see invisible.
 L - an uncursed amulet of the acrobat
 M - an uncursed amulet of guardian spirit
 O - a +4 ring of protection {unknown}
Wands
 z - a wand of iceblast (9)
 I - a wand of acid (11)
Scrolls
 b - a scroll of blinking
 e - 7 scrolls of remove curse
 f - 4 scrolls of identify
 g - 6 scrolls of teleportation
 k - 4 scrolls of enchant weapon
 D - 2 scrolls of magic mapping
Potions
 j - 2 potions of heal wounds
 l - 3 potions of curing
 o - a potion of attraction {unknown}
 p - 2 potions of flight {unknown}
 q - 2 potions of magic {unknown}
 s - 3 potions of mutation {unknown}
 v - a potion of cancellation {unknown}
 A - a potion of brilliance {unknown}
 B - a potion of invisibility {unknown}
 C - 3 potions of degeneration {unknown}
 H - a potion of ambrosia {unknown}
 J - a potion of berserk rage {unknown}
 Q - a potion of lignification {unknown}
Books
 G - a manual of Shields
Miscellaneous
 P - a phial of floods


   Skills:
 + Level 5.6 Fighting
 - Level 1.7 Dodging
 - Level 4.0 Stealth
 + Level 7.4 Shields
 + Level 6.2 Spellcasting
 - Level 5.0 Conjurations
 - Level 3.0 Transmutations
 + Level 4.1 Fire Magic
 - Level 4.0 Air Magic
 - Level 6.0 Poison Magic
 + Level 5.3 Invocations


You had 12 spell levels left.
You knew the following spells:

 Your Spells              Type           Power        Failure   Level
a - Sting                 Tmut/Pois      84%          1%          1
b - Poisonous Vapours     Pois/Air       46%          1%          2
c - Mephitic Cloud        Conj/Pois/Air  23%          1%          3
d - Ignite Poison         Fire/Tmut/Pois 21%          2%          3

Your spell library contained the following spells:

 Spells                   Type           Power        Failure   Level
 Olgreb's Toxic Radiance  Pois           27%          4%          4
 Fireball                 Conj/Fire      11%          21%         5
 Bolt of Magma            Conj/Fire/Erth 8%           34%         5
 Silence                  Hex/Air        6%           47%         5
 Yara's Violent Unravell  Hex/Tmut       5%           54%         5


Dungeon Overview and Level Annotations

Branches:
Dungeon (9/15)             Temple (1/1) D:6
   Lair: D:8-11         Orc: D:9-12

Altars:
Ashenzari
Cheibriados
Dithmenos
Elyvilon
Fedhas
Gozag
Hepliaklqana
Kikubaaqudgha
Makhleb
Nemelex Xobeh
Okawaru
Qazlal
Ru
Sif Muna
Trog
Uskayaw
Vehumet
Wu Jian
Xom
Yredelemnul
Zin
The Shining One

Annotations:
D:2 exclusion: door
D:3 Grinder
D:5 2 runed translucent doors
D:8 3 runed translucent doors, Borgoz's ghost, novice HaFi


Innate Abilities, Weirdness & Mutations

You have claws for feet.
You are partially covered in icy blue scales. (AC +2)
A powerful demonic guardian rushes to your aid.


Message History

You kill the orc wizard!
Sif Muna accepts your kill.
Casting: Sting (safe; 1% risk of failure)
Confirm with . or Enter, or press ? or * to list all spells.
Aiming: Sting (safe; 1% risk of failure)
Press: ? - help, Shift-Dir - straight line, f - orc priest
Aim: an orc priest, wielding a +0 flail and wearing a +0 leather armour (moderately wounded, very poisoned, 24% to evade)
The sting hits the orc priest but does no damage.
The orc priest looks even sicker.
The orc priest is moderately wounded.
The orc priest hits you with a +0 flail!
* * * LOW HITPOINT WARNING * * *
A demonic guardian appears!
You are too injured to fight recklessly!
You are too injured to fight recklessly!
You are too injured to fight recklessly!
You hit the orc priest but do no damage.
The orc priest is moderately wounded.
The orc priest hits you with a +0 flail!
You die...

###################
......†.)@........#
.########)o.......#
#.2.......#
#.........#
#.........#
#....../..#
#.........#
#.........#
#.....$...#


You could see an orc priest (very poisoned) and a friendly reaper (summoned).

Vanquished Creatures
  A two-headed ogre (D:9)
  A troll (D:9)
  Prince Ribbit (D:7)
  Sigmund (D:2)
  4 wraiths (D:8)
  Eustachio (D:5)
  Edmund (D:5)
  A water moccasin (D:5)
  3 orc warriors
  A sky beast (D:9)
  2 black bears
  3 ogres
  5 centaurs
  A big kobold (D:8)
  A bullfrog (D:7)
  A gnoll sergeant (D:8)
  3 scorpions
  9 killer bees
  3 howler monkeys
  4 hounds
  6 orc priests
  Crazy Yiuf (D:2)
  3 jellies (D:5)
  7 orc wizards
  6 worker ants
  5 iguanas
  2 hound skeletons
  A worker ant zombie (D:8)
  3 gnolls (D:8)
  A howler monkey skeleton (D:6)
  13 adders
  A shadow imp (D:5)
  A white imp (D:8)
  An ooze (D:7)
  2 adder zombies
  2 adder skeletons
  4 worms
  2 dart slugs
  3 leopard geckos
  27 orcs
  A ball python (D:1)
  7 giant cockroaches
  8 goblins
  4 hobgoblins
  11 jackals
  5 quokkas
  11 bats
  3 frilled lizards
  2 jackal skeletons (D:4)
  12 kobolds
  6 rats
208 creatures vanquished.

Vanquished Creatures (collateral kills)
  Menkaure (D:6)
  A water moccasin (D:9)
  A phantom (D:4)
  A centaur (D:4)
  A killer bee (D:7)
  A hound (D:5)
  A centaur skeleton (D:8)
  2 iguanas (D:4)
  An ufetubus (D:9)
  2 orcs
12 creatures vanquished.

Grand Total: 220 creatures vanquished

Notes
Turn   | Place    | Note
-------+----------+-------------------------------------------
     0 | D:1      | wullow the Demonspawn Venom Mage began the quest for the
                  | Orb.
     0 | D:1      | Reached XP level 1. HP: 13/13 MP: 3/3
    34 | D:1      | Reached skill level 1 in Transmutations
   280 | D:1      | Gained mutation: A weak demonic guardian rushes to your
                  | aid. [demonic ancestry]
   280 | D:1      | Reached XP level 2. HP: 19/19 MP: 3/5
   494 | D:1      | Learned a level 2 spell: Poisonous Vapours
  1290 | D:2      | Found a runed translucent door.
  1293 | D:2      | Noticed Crazy Yiuf
  1496 | D:2      | Gained mutation: You have sharp toenails. [demonic
                  | ancestry]
  1496 | D:2      | Reached XP level 3. HP: 24/24 MP: 1/6
  1500 | D:2      | Learned a level 3 spell: Mephitic Cloud
  1617 | D:2      | Reached skill level 1 in Air Magic
  1992 | D:2      | Found a glowing golden altar of the Shining One.
  2430 | D:2      | Noticed Sigmund
  2632 | D:2      | Killed Sigmund
  2633 | D:2      | Reached XP level 4. HP: 11/30 MP: 1/8
  2633 | D:2      | Gained mutation: You have razor-sharp toenails. [demonic
                  | ancestry]
  2633 | D:2      | Reached XP level 5. HP: 13/35 MP: 1/9
  2848 | D:2      | Found a hazy altar of Hepliaklqana.
  2848 | D:2      | Found a sacrificial altar of Ru.
  2982 | D:2      | Killed Crazy Yiuf
  3406 | D:3      | Noticed Grinder
  3521 | D:3      | Learned a level 3 spell: Ignite Poison
  3559 | D:3      | Gained mutation: A demonic guardian rushes to your aid.
                  | [demonic ancestry]
  3559 | D:3      | Reached XP level 6. HP: 42/42 MP: 9/11
  3691 | D:3      | Found a hide-covered altar of Uskayaw.
  4144 | D:4      | Reached skill level 1 in Fighting
  4660 | D:4      | Reached skill level 1 in Fire Magic
  4879 | D:4      | Gained mutation: A powerful demonic guardian rushes to your
                  | aid. [demonic ancestry]
  4879 | D:4      | Reached XP level 7. HP: 48/48 MP: 2/12
  5484 | D:4      | Reached skill level 5 in Poison Magic
  6076 | D:5      | Entered Level 5 of the Dungeon
  6076 | D:5      | Found a large runed translucent door.
  6076 | D:5      | Found a large runed translucent door.
  6320 | D:5      | Found a large runed translucent door.
  6320 | D:5      | Found a large runed translucent door.
  6385 | D:5      | Noticed Eustachio
  6391 | D:5      | Killed Eustachio
  6737 | D:5      | Got a pitted brass ring
  6739 | D:5      | Identified the ring of the Voivode {rF+ rC+ SInv} (You
                  | found it on level 5 of the Dungeon)
  6800 | D:5      | Gained mutation: You have claws for feet. [demonic
                  | ancestry]
  6800 | D:5      | Reached XP level 8. HP: 57/57 MP: 6/14
  7406 | D:5      | Identified the Reference Book on Enthralling Fire
  7696 | D:5      | Noticed Edmund
  7723 | D:5      | Killed Edmund
  8051 | D:5      | Got an ivory scimitar
  8052 | D:5      | Identified the +6 scimitar of Ycojom {venom, rC++ Str-5}
                  | (You found it on level 5 of the Dungeon)
  8181 | D:6      | Found a staircase to the Ecumenical Temple.
  8190 | Temple   | Entered the Ecumenical Temple
  8405 | Temple   | Became a worshipper of Sif Muna the Loreminder
  8690 | D:6      | Noticed Menkaure
  8691 | D:6      | Reached skill level 1 in Shields
  8713 | D:6      | Killed Menkaure
  9009 | D:6      | Reached skill level 2 in Shields
  9009 | D:6      | Reached XP level 9. HP: 64/64 MP: 4/16
  9316 | D:6      | Found a sparkling altar of Nemelex Xobeh.
  9521 | D:7      | Found a shimmering altar of Xom.
  9536 | D:7      | Found a shimmering altar of Xom.
  9536 | D:7      | Found a shimmering altar of Xom.
  9536 | D:7      | Found a shimmering altar of Xom.
  9536 | D:7      | Found a shimmering altar of Xom.
  9543 | D:7      | Found a shimmering altar of Xom.
  9798 | D:7      | Reached skill level 1 in Invocations
  9946 | D:7      | Reached skill level 3 in Shields
  9946 | D:7      | Reached skill level 5 in Spellcasting
  9958 | D:7      | Noticed Prince Ribbit
 10168 | D:7      | Killed Prince Ribbit
 10169 | D:7      | Reached skill level 4 in Shields
 10274 | D:7      | Reached * piety under Sif Muna
 10973 | D:7      | Found a glowing silver altar of Zin.
 11304 | D:8      | Found a runed translucent gate.
 11304 | D:8      | Found a runed translucent gate.
 11304 | D:8      | Found a runed translucent gate.
 11304 | D:8      | Noticed Borgoz's ghost (novice HaFi)
 11458 | D:8      | Reached skill level 5 in Conjurations
 11610 | D:8      | Reached skill level 5 in Shields
 11657 | D:8      | Found a white marble altar of Elyvilon.
 11766 | D:8      | Reached skill level 5 in Fighting
 11906 | D:8      | Gained mutation: You are partially covered in icy blue
                  | scales. (AC +2) [demonic ancestry]
 11906 | D:8      | Reached XP level 10. HP: 74/74 MP: 10/18
 11968 | D:8      | Reached ** piety under Sif Muna
 12093 | D:8      | Reached skill level 6 in Shields
 12421 | D:8      | Found the +5 scythe "Finisher" {speed, eviscerate}
 13032 | D:9      | Noticed a two-headed ogre
 13048 | D:9      | Killed a two-headed ogre
 13261 | D:9      | Reached skill level 7 in Shields
 13261 | D:9      | Reached skill level 5 in Invocations
 13713 | D:9      | Slain by an orc priest

Illustrated notes

Levels and vault maps discovered:
D:1:      dpeg_arrival_yet_another_circle, layout_loops_ring
D:2:      layout_loops_ring, gammafunk_temple_overflow_elements,
          lemuel_round_altar, uniq_sigmund, uniq_crazy_yiuf_cottage
D:3:      layout_loops_ring, eat_drink_and_be_merry_uskayaw, uniq_grinder
D:4:      minmay_general_purpose_star, layout_loops_ring, hangedman_glass_teeth,
          minmay_manual_monstrance
D:5:      layout_loops_ring, minmay_hollow_rounded_squares, uniq_eustachio,
          uniq_edmund
D:6:      layout_rooms, nemelex_xobeh_ov_fountains_minmay,
          minmay_temple_entry_waves, uniq_menkaure
D:7:      layout_basic, xom_redecorated, nicolae_overflow_hidden_temple,
          nicolae_benzene_ring, uniq_prince_ribbit1
D:8:      layout_cave_pods, elyvilon_altar_5, gammafunk_ghost_necromancy,
          minmay_guarded_unrand_finisher
D:9:      layout_long_grid, serial_shops, shop
Temple:   dpeg_chambers_temple

Skill      XL: |  1  2  3  4  5  6  7  8  9 10 |
---------------+-------------------------------+-----
Transmutations | 1 3 |  3.0
Air Magic      | 2 3 4 |  4.0
Spellcasting   | 3 4 5 6 |  6.2
Conjurations   | 2 4 5 |  5.0
Poison Magic   | 4 5 6 |  6.0
Fighting       | 1 2 3 5 |  5.6
Fire Magic     | 1 2 3 4 |  4.1
Stealth        | 2 3 4 |  4.0
Shields        | 2 5 7 |  7.4
Invocations    | 4 5 |  5.3
Dodging        | |  1.7

Action                   |  1- 3 |  4- 6 |  7- 9 | 10-12 || total
-------------------------+-------+-------+-------+-------++-------
Melee: Unarmed           |     5 |       |       |       ||     5
       Short sword       |     4 |       |       |       ||     4
       Dagger            |       |    22 |   142 |    72 ||   236
       Kick              |       |     8 |    39 |    14 ||    61
 Cast: Sting             |    66 |    86 |   167 |    55 ||   374
       Poisonous Vapours |    13 |    23 |    98 |    30 ||   164
       Mephitic Cloud    |       |       |    17 |     6 ||    23
       Ignite Poison     |       |       |    11 |     4 ||    15
  Use: Scroll            |       |       |    16 |       ||    16
       Potion            |       |       |       |     1 ||     1
 Stab: Sleeping          |       |       |     1 |       ||     1
Armor: Robe              |     8 |     9 |    41 |    35 ||    93
Dodge: Dodged            |    27 |    35 |   139 |    69 ||   270
Block: Buckler           |       |       |    23 |    29 ||    52

Table legend: (Time is in decaauts)
 A = Elapsed time spent in this place.
 B = Non-inter-level travel time spent in this place.
 C = Inter-level travel time spent in this place.
 D = Time resting spent in this place.
 E = Time spent auto-exploring this place.
 F = Levels seen in this place.
 G = Mean time per level.
                   A        B        C        D        E       F      G
               +--------+--------+--------+--------+--------+-----+--------+
         Total |  13708 |  13173 |    535 |   4413 |   6583 |  10 | 1370.8 |
       Dungeon |  13479 |  12982 |    497 |   4413 |   6395 |   9 | 1497.7 |
        Temple |    228 |    190 |     38 |      0 |    188 |   1 |  228.0 |
               +--------+--------+--------+--------+--------+-----+--------+

Top non-repeatable levels by time:
     D:5: 2096 daAuts
     D:4: 1997 daAuts
     D:8: 1819 daAuts
     D:2: 1763 daAuts
     D:7: 1688 daAuts
     D:1: 1260 daAuts
     D:3: 1082 daAuts
     D:6: 1028 daAuts
     D:9: 743 daAuts
  Temple: 228 daAuts
